 Dungeon Crawl Stone Soup version 0.31.0-32-g396128a36d (webtiles) character file.

Game seed: 15143838399940449685

5383 PriceMaster the Arsonist (level 10, 0/48 (58) HPs)
             Began as an Octopode Fire Elementalist on Mar 26, 2024.
             Was an Elder of Okawaru.
             Killed from afar by a laughing skull (25 damage)
             ... with a bolt of negative energy
             ... on level 9 of the Dungeon.
             The game lasted 00:20:03 (12842 turns).

PriceMaster the Arsonist (OpFE)                    Turns: 12842, Time: 00:20:05

HP:   0/48 (58)     AC:  5    Str:  9    XL:     10   Next: 66%
MP:   0/22          EV: 14    Int: 23    God:    Okawaru [****..]
Gold: 489           SH:  0    Dex: 21    Spells: 13/26 levels left

rFire   + . .        C - +1 sling "Comikim" {flame, rC- Int+5}
rCold   x . .        (no shield)
rNeg    . . .        (helmet restricted)
rPois   .            B - amulet of guardian spirit
rElec   .            b - ring of protection from cold
rCorr   .            m - ring of fire
SInv    .            v - +4 ring of protection
Will    .....        x - +6 ring of dexterity
Stlth   ++++         (no ring)
HPRegen 0.28/turn    (no ring)
MPRegen 0.18/turn    (no ring)
                     (no ring)

%: guardian spirit
@: heavily drained
A: almost no armour, amphibious, 8 rings, camouflage 1, gelatinous body 1,
(nimble swimmer 1), tentacles
a: Renounce Religion, Heroism, Finesse


You were on level 9 of the Dungeon.
You worshipped Okawaru.
Okawaru was greatly pleased with you.
You visited 1 branch of the dungeon, and saw 9 of its levels.

You collected 522 gold pieces.
You spent 33 gold pieces at shops.

Inventory:

Hand Weapons
 d - a +1 spear of venom
 C - the +1 sling "Comikim" (weapon) {flame, rC- Int+5}
   (You found it on level 9 of the Dungeon)

   Int+5:     It affects your intelligence (+5).
   rC-:       It makes you vulnerable to cold.
Magical Staves
 A - a staff of fire
Jewellery
 a - a ring of flight
 b - a ring of protection from cold (left tentacle)
 m - a ring of fire (right tentacle)
 v - a +4 ring of protection (on tentacle)
 x - a +6 ring of dexterity (on tentacle)
 B - an amulet of guardian spirit (around mantle)
 E - a ring of positive energy
 F - a +6 ring of dexterity
 G - an amulet of regeneration
Wands
 k - a wand of flame (28)
 s - a wand of polymorph (11)
Scrolls
 h - 4 scrolls of amnesia
 i - a scroll of summoning {unknown}
 n - a scroll of teleportation
 o - a scroll of noise {unknown}
 p - 2 scrolls of fog {unknown}
 q - a scroll of fear {unknown}
 t - 6 scrolls of identify {unknown}
 y - a scroll of revelation {unknown}
 H - a scroll of vulnerability {unknown}
 I - a scroll of brand weapon {unknown}
 J - a scroll of immolation
Potions
 c - 2 potions of brilliance
 e - 2 potions of curing
 f - a potion of resistance {unknown}
 g - a potion of cancellation {unknown}
 j - 2 potions of might {unknown}
 l - 2 potions of ambrosia {unknown}
 r - a potion of lignification {unknown}
 u - a potion of mutation {unknown}
 w - 2 potions of haste {unknown}
 z - 2 potions of enlightenment {unknown}
 D - a potion of heal wounds {unknown}


   Skills:
 + Level 1.2 Fighting
 + Level 1.6 Polearms
 + Level 2.7 Dodging
 + Level 5.0 Stealth
 + Level 8.8 Spellcasting
 + Level 4.5 Conjurations
 + Level 4.6 Hexes
 + Level 1.5 Translocations
 + Level 9.5 Fire Magic
 + Level 2.5 Evocations


You had 13 spell levels left.
You knew the following spells:

 Your Spells              Type           Power      Damage    Failure   Level
a - Foxfire               Conj/Fire      100%       2x1d9     1%          1
b - Scorch                Fire           100%       2d9       1%          2
c - Inner Flame           Hex/Fire       59%        N/A       1%          3
d - Flame Wave            Conj/Fire      59%        2d14      3%          4
e - Volatile Blastmotes   Fire/Tloc      100%       2d18      1%          3

Your spell library contained the following spells:

 Spells                   Type           Power      Damage    Failure   Level
 Jinxbite                 Hex            62%        N/A       1%          2
 Kiss of Death            Conj/Necr      80%        2d11      2%          1
 Confusing Touch          Hex            31%        N/A       2%          3
 Apportation              Tloc           34%        N/A       3%          1
 Dispel Undead            Necr           10%        3d9       54%         4
 Alistair's Intoxication  Alch           6%         N/A       87%         5
 Lee's Rapid Deconstruct  Erth           5%         3d6*      87%         5
 Animate Armour           Summ/Erth      Unusable   N/A       N/A         4
 Summon Lightning Spire   Summ/Air       Unusable   N/A       N/A         4

Dungeon Overview and Level Annotations

Branches:
Dungeon (9/15)             Temple (0/1) D:4             Orc (0/2) D:9
   Lair: D:8-11

Altars:
Cheibriados
Nemelex Xobeh
Okawaru
Qazlal
Uskayaw
Vehumet
Xom
The Shining One

Shops:
D:1 *


Innate Abilities, Weirdness & Mutations

You cannot wear most types of armour.
You are amphibious.
You can wear up to eight rings at the same time.
Your skin changes colour to match your surroundings (Stealth+).
Your rubbery body absorbs attacks. (AC +1, EV +1)
((You are camouflaged when in or above water. (Stealth+)))
You have tentacles for arms and can constrict up to eight enemies at once.


Message History

Confirm with . or Enter, or press ? or * to list all spells.
Aiming: Inner Flame (safe; 1% risk of failure)
Press: ? - help, Dir - move target, f - laughing skull
Aim: a laughing skull (wandering, hasn't noticed you, chance to affect: 95%)
You feel a surge of power!
The laughing skull is filled with an inner flame.
The laughing skull gibbers with scorn.
The bolt of negative energy hits you.
You feel drained.
Casting: Inner Flame (safe; 1% risk of failure)
Confirm with . or Enter, or press ? or * to list all spells.
You don't know that spell.
Casting: Inner Flame (safe; 1% risk of failure)
Confirm with . or Enter, or press ? or * to list all spells.
You feel a surge of power!
You conjure some foxfire!
Fire: C) +1 sling "Comikim" {flame, rC- Int+5}
Press: ? - help, Q - select action, (/) - cycle Shift-Dir - straight line, f/p - laughing skull
Aim: a laughing skull (inner flame, ally target, 31% to hit)
You shoot a sling bullet.
The sling bullet hits the laughing skull.
Flame seeps out of the laughing skull.
The laughing skull is moderately damaged.
The foxfire hits the laughing skull but does no damage.
The laughing skull is moderately damaged.
The foxfire hits the laughing skull.
The laughing skull completely resists.
The laughing skull is moderately damaged.
The laughing skull is engulfed in blazing flames.
Flame seeps out of the laughing skull.
The laughing skull gibbers with scorn.
The bolt of negative energy hits you.
You feel drained.
The laughing skull gibbers with scorn.
The bolt of negative energy hits you!!
You feel drained.
Ouch! That really hurt!
You feel better.
The laughing skull is engulfed in blazing flames.
Flame seeps out of the laughing skull.
The laughing skull cackles spitefully.
The bolt of negative energy hits you!!
You feel drained.
Ouch! That really hurt!
You die...
The laughing skull crumbles to pieces from sheer joy.

...# # ... #. ..#
...##..#####
...........#
...........#
...........#
......§@...##
......§§..z.#
.......§§§.°....
......>.§§......#
.............##.#
.#.........### .#
#.........# #.#
#.........# ##.#
#....†...)###..#


You could see a laughing skull (inner flame).

Vanquished Creatures
  The ghost of systembuster the Trooper, a novice DrFi (D:6)
  An ugly thing (D:9)
  Prince Ribbit (D:6)
  A hornet (D:8)
  Sigmund (D:2)
  3 yaks (D:9)
  An acid dragon (D:8)
  2 water moccasins
  6 orc warriors
  An ice beast (D:8)
  A sky beast (D:7)
  2 ogres (D:4)
  3 centaurs
  3 scorpions
  9 wights
  13 killer bees
  A howler monkey (D:7)
  A bombardier beetle (D:3)
  2 hounds
  2 jellies
  8 orc priests
  A sleepcap (D:6)
  Jessica (D:2)
  5 iguanas
  2 orc wizards
  4 adders
  2 shadow imps
  2 white imps
  2 ufetubi (D:7)
  4 ribbon worms (D:2)
  A dart slug (D:1)
  30 orcs
  10 endoplasms
  3 giant cockroaches
  13 goblins
  8 hobgoblins
  6 jackals (D:5)
  4 quokkas
  5 ball pythons
  4 bats
  4 frilled lizards
  7 kobolds
  9 rats
190 creatures vanquished.

Vanquished Creatures (others)
  344 foxfires
344 creatures vanquished.

Grand Total: 534 creatures vanquished

Notes
Turn   | Place    | Note
-------+----------+-------------------------------------------
     0 | D:1      | PriceMaster the Octopode Fire Elementalist began the quest
                  | for the Orb.
     0 | D:1      | Reached XP level 1. HP: 11/11 MP: 3/3
   197 | D:1      | Found Teatz's General Store.
   202 | D:1      | Reached XP level 2. HP: 17/17 MP: 3/5
   228 | D:1      | Bought a potion of curing for 33 gold pieces
   415 | D:1      | Learned a level 2 spell: Scorch
   878 | D:1      | Reached XP level 3. HP: 21/21 MP: 6/6
  1500 | D:2      | Noticed Jessica
  1507 | D:2      | Killed Jessica
  1508 | D:2      | Reached XP level 4. HP: 27/27 MP: 3/9
  2026 | D:2      | Learned a level 3 spell: Inner Flame
  2313 | D:2      | Noticed Sigmund
  2316 | D:2      | Killed Sigmund
  2317 | D:2      | Reached skill level 1 in Polearms
  2317 | D:2      | Reached skill level 4 in Fire Magic
  2317 | D:2      | Reached XP level 5. HP: 31/31 MP: 1/11
  2317 | D:2      | Reached XP level 6. HP: 36/36 MP: 1/12
  3810 | D:4      | Reached XP level 7. HP: 42/42 MP: 1/13
  4029 | D:4      | Reached skill level 1 in Hexes
  4446 | D:4      | Found a snail-covered altar of Cheibriados.
  4562 | D:4      | Reached skill level 5 in Fire Magic
  4764 | D:4      | Reached skill level 5 in Spellcasting
  4841 | D:4      | Found a staircase to the Ecumenical Temple.
  5229 | D:4      | Learned a level 4 spell: Flame Wave
  5252 | D:5      | Entered Level 5 of the Dungeon
  5935 | D:5      | Found an iron altar of Okawaru.
  6212 | D:5      | Became a worshipper of Warmaster Okawaru
  6388 | D:5      | Reached XP level 8. HP: 47/47 MP: 5/15
  6392 | D:5      | Learned a level 3 spell: Volatile Blastmotes
  7490 | D:6      | Noticed Prince Ribbit
  7498 | D:6      | Killed Prince Ribbit
  7498 | D:6      | Reached * piety under Okawaru
  7499 | D:6      | Reached skill level 6 in Fire Magic
  8294 | D:6      | Reached skill level 7 in Fire Magic
  8331 | D:6      | Reached XP level 9. HP: 23/52 MP: 0/18
  8672 | D:6      | Found a glowing golden altar of the Shining One.
  9126 | D:6      | Found a large runed translucent door.
  9126 | D:6      | Found a large runed translucent door.
  9126 | D:6      | Noticed systembuster's ghost (novice DrFi)
  9311 | D:6      | Killed systembuster's ghost
  9311 | D:6      | Reached ** piety under Okawaru
  9312 | D:6      | Reached skill level 1 in Translocations
 10417 | D:7      | Reached skill level 8 in Fire Magic
 11015 | D:7      | Found a shimmering altar of Xom.
 11015 | D:7      | Found a radiant altar of Vehumet.
 11015 | D:7      | Found a sparkling altar of Nemelex Xobeh.
 11015 | D:7      | Found a hide-covered altar of Uskayaw.
 11713 | D:8      | Reached skill level 5 in Stealth
 11724 | D:8      | Reached XP level 10. HP: 57/57 MP: 2/22
 12096 | D:8      | Found a stormy altar of Qazlal.
 12124 | D:8      | Reached *** piety under Okawaru
 12525 | D:9      | Reached skill level 1 in Fighting
 12526 | D:9      | Reached skill level 9 in Fire Magic
 12531 | D:9      | Reached skill level 1 in Evocations
 12771 | D:9      | Found a staircase to the Orcish Mines.
 12775 | D:9      | Noticed a red ugly thing
 12789 | D:9      | Killed a red ugly thing
 12789 | D:9      | Reached **** piety under Okawaru
 12805 | D:9      | Noticed a two-headed ogre
 12834 | D:9      | Identified the +1 sling "Comikim" {flame, rC- Int+5}
 12842 | D:9      | Killed from afar by a laughing skull

Illustrated notes

Levels and vault maps discovered:
D:1:      dpeg_arrival_rooms_a, layout_basic, serial_shops,
          nicolae_shop_tiny_statue_garden, grunt_decor_mini_mirrors,
          serial_bayou_pond_e
D:2:      layout_rooms, uniq_sigmund, uniq_jessica
D:3:      layout_basic
D:4:      layout_basic, mainiacjoe_overflow_cross_hatched,
          minmay_temple_entry_proselytizer, serial_rivers,
          chequers_serial_rivers_micro_c, chequers_serial_rivers_small_3,
          chequers_serial_rivers_micro_a, chequers_serial_rivers_micro_c,
          chequers_serial_rivers_large_a, chequers_serial_rivers_micro_d,
          nicolae_concentric_dashed_squares_wild
D:5:      layout_loops_ring, kennysheep_okawaru_gauntlet, skrybe_limestone_x
D:6:      minmay_klotski, layout_basic, nicolae_tso_carved_into_rock,
          ebering_ghost_disaster_area, uniq_prince_ribbit1
D:7:      layout_basic, grunt_temple_overflow_cloverleaf
D:8:      layout_cave_pools, lemuel_crystal_altar, minmay_quadrilaterals
D:9:      minmay_the_grid_4x2 [minmay_the_grid_stretched_grid,
          minmay_the_grid_spikes, minmay_the_grid_pillar_ring,
          minmay_the_grid_box_x, minmay_the_grid_plusring,
          minmay_the_grid_diamond_grid, minmay_the_grid_outer_circle,
          minmay_the_grid_prize_trominoes], layout_cross,
          mainiacjoe_overflow_surrounded_room, zin_angel, david_orc_3,
          minmay_radiant

Skill      XL: |  1  2  3  4  5  6  7  8  9 10 |
---------------+-------------------------------+-----
Spellcasting   | 3 4 5 6 8 |  8.8
Stealth        | 3 4 5 |  5.0
Polearms       | 1 |  1.6
Fire Magic     | 4 5 7 8 9 |  9.5
Conjurations   | 2 4 |  4.5
Hexes          | 1 2 4 |  4.6
Translocations | 1 |  1.5
Fighting       | 1 |  1.2
Evocations     | 2 |  2.5
Dodging        | |  2.7

Action                     |  1- 3 |  4- 6 |  7- 9 | 10-12 || total
---------------------------+-------+-------+-------+-------++-------
  Melee: Spear             |    33 |    22 |    11 |       ||    66
         Constrict         |     6 |     6 |     6 |     3 ||    21
         Punch             |     1 |       |       |       ||     1
         Tentacles         |     3 |     5 |     7 |     2 ||    17
         Staff             |       |       |     9 |    10 ||    19
   Fire: Sling             |       |       |       |     1 ||     1
   Cast: Foxfire           |    38 |    43 |   110 |    28 ||   219
         Scorch            |     7 |    13 |    34 |    14 ||    68
         Inner Flame       |       |     8 |    53 |    12 ||    73
         Volatile Blastmot |       |       |    14 |     1 ||    15
         Flame Wave        |       |       |     2 |     1 ||     3
  Evoke: Wand              |       |       |     3 |    17 ||    20
    Use: Scroll            |     2 |       |       |     2 ||     4
         Potion            |       |       |     1 |     3 ||     4
   Stab: Sleeping          |     3 |     2 |     1 |       ||     6
         Distracted        |       |     1 |       |       ||     1
 Armour: Skin              |    13 |     9 |    31 |    22 ||    75
  Dodge: Dodged            |     8 |    12 |    36 |    20 ||    76
